 Dungeon Crawl Stone Soup version 0.30-a0-509-gd016549fea (webtiles) character file.

Game seed: 6009204254512993009

116 Bnni the Grave Robber (level 4, 0/33 HPs)
             Began as a Demonspawn Necromancer on Dec 22, 2022.
             Slain by Crazy Yiuf
             ... wielding a +3 quarterstaff of chaos
              (3 damage)
             ... on level 2 of the Dungeon.
             The game lasted 00:03:22 (1474 turns).

Bnni the Grave Robber (Demonspawn Necromancer)      Turns: 1474, Time: 00:03:23

Health: 0/33       AC:  4    Str:  9    XL:     4   Next: 69%
Magic:  16/17      EV: 12    Int: 18    God:
Gold:   96         SH:  0    Dex: 13    Spells: 0/8 levels left

rFire   . . .      SeeInvis .    l - +1 dagger (venom)
rCold   . . .      Faith    .    (no shield)
rNeg    . . .      Spirit   .    a - +0 robe
rPois   .          Reflect  .    q - +0 helmet
rElec   .          Harm     .    (no cloak)
rCorr   .          Rampage  .    (no gloves)
Will    .....                    (no boots)
Stlth   ++........               (no amulet)
HPRegen 0.25/turn                g - ring of magical power
MPRegen 0.15/turn                (no ring)

@: lethally poisoned (0 -> -3)
A: hooves 2, sharp scales 1
a: no special abilities


You were on level 2 of the Dungeon.
You visited 1 branch of the dungeon, and saw 2 of its levels.

You collected 96 gold pieces.

Inventory:

Hand Weapons
 l - a +1 dagger of venom (weapon)
Armour
 a - a +0 robe (worn)
 q - a +0 helmet (worn)
Jewellery
 g - a ring of magical power (left hand)
Scrolls
 c - a scroll of identify {unknown}
 d - 2 scrolls of blinking {unknown}
 h - a scroll of teleportation {unknown}
 i - a scroll of fog {unknown}
 j - a scroll of poison {unknown}
 o - 2 scrolls of fear {unknown}
Potions
 b - 2 potions of magic
 e - a potion of lignification {unknown}
 k - a potion of cancellation {unknown}
 m - a potion of attraction {unknown}
 n - a potion of ambrosia {unknown}
 p - a potion of mutation {unknown}


   Skills:
 + Level 1.9 Fighting
 - Level 1.7 Dodging
 - Level 1.7 Stealth
 + Level 2.9 Spellcasting
 * Level 5.7 Necromancy


You couldn't memorise any spells.
You knew the following spells:

 Your Spells              Type           Power      Damage    Failure   Level
a - Necrotise             Necr           92%        1d8       1%          1
c - Vampiric Draining     Necr           23%        2d7       4%          3
d - Animate Dead          Necr           23%        N/A       16%         4

Your spell library contained the following spells:

 Spells                   Type           Power      Damage    Failure   Level
 Agony                    Necr           23%        N/A       41%         5


Dungeon Overview and Level Annotations

Branches:
Dungeon (2/15)

Altars:
Gozag

Annotations:
D:2 Crazy Yiuf


Innate Abilities, Weirdness & Mutations

You have hoof-like feet.
You are partially covered in razor-sharp scales. (AC +1, Slay +1)


Message History

You hit the adder.
You kill the adder!
No target in view!
You see here an adder corpse.
You now have 96 gold pieces (gained 6).
Found a robe.
Found a stone staircase leading up.
o - 2 scrolls labelled AHEYTA HAESCHO (gained 1)
A frilled lizard comes into view.
A frilled lizard is nearby!
The frilled lizard hisses angrily.
You hit the frilled lizard.
You kill the frilled lizard!
No target in view!
Found three hammers.
Found a runed translucent door.
Found a hammer.
Found a hammer.
You open the door.
There is an open translucent door here.
You see here a +0 hammer.
You see here a +0 hammer.
The helpless Crazy Yiuf fails to defend himself.
You puncture Crazy Yiuf!
Crazy Yiuf is poisoned.
Your kick misses Crazy Yiuf.
Crazy Yiuf is moderately wounded.
Crazy Yiuf hits you with a +3 quarterstaff of chaos.
You barely miss Crazy Yiuf. You kick Crazy Yiuf, but do no damage.
Crazy Yiuf is moderately wounded.
Crazy Yiuf hits you with a +3 quarterstaff of chaos!
You are poisoned.
You are too injured to fight recklessly!
Aiming: Necrotise (safe; 1% risk of failure)
Press: ? - help, Q - select action, (/) - cycle Shift-Dir - straight line, f - Crazy Yiuf
Aim: Crazy Yiuf, wielding a +3 quarterstaff of chaos and wearing a +1 cloak (moderately wounded, very poisoned, chance to affect: 87%) Crazy Yiuf writhes in agony.
You feel sick.
Crazy Yiuf waves his quarterstaff at you.
Crazy Yiuf hits you with a +3 quarterstaff of chaos!
* * * LOW HITPOINT WARNING * * *
Crazy Yiuf burns you.
You die...

###.. #.... #.#.. #.#.. ###....
###♣♣♣♣♣ ##.#....
##....♣.♣♣♣##### ######.......
##......♣..♣#.).# #...........#
#......♣♣♣♣.')@g# #..........##
#.....♣♣ ♣♣#.))# ######.....#
#.###♣♣ ##### ######..#..# #.#
#[......#..## #.##
#.####..#.... #..##
#############...........#
##..###............†####..#.#..
##.....###.#.#####.# #..#...
#####.# #.#.# #.# #..# ###


You could see Crazy Yiuf (very poisoned).

Vanquished Creatures
  Robin (D:2)
  3 adders (D:2)
  2 worms (D:2)
  3 ball pythons (D:1)
  6 bats
  5 endoplasms (D:2)
  4 giant cockroaches
  12 goblins
  6 hobgoblins
  5 jackals (D:1)
  5 quokkas
  3 frilled lizards (D:2)
  4 kobolds
  3 rats
62 creatures vanquished.

Vanquished Creatures (collateral kills)
  A goblin (D:1)
  A frilled lizard (D:1)
2 creatures vanquished.

Grand Total: 64 creatures vanquished

Notes
Turn   | Place    | Note
-------+----------+-------------------------------------------
     0 | D:1      | Bnni the Demonspawn Necromancer began the quest for the
                  | Orb.
     0 | D:1      | Reached XP level 1. HP: 13/13 MP: 3/3
   138 | D:1      | Gained mutation: You are partially covered in razor-sharp
                  | scales. (AC +1, Slay +1) [demonic ancestry]
   138 | D:1      | Reached XP level 2. HP: 9/20 MP: 0/5
   347 | D:1      | Reached skill level 1 in Fighting
   354 | D:1      | Reached skill level 5 in Necromancy
   729 | D:1      | Gained mutation: You have large cloven feet. [demonic
                  | ancestry]
   729 | D:1      | Reached XP level 3. HP: 26/26 MP: 6/6
   733 | D:1      | Learned a level 3 spell: Vampiric Draining
  1097 | D:2      | Gained mutation: You have hoof-like feet. [demonic
                  | ancestry]
  1097 | D:2      | Reached XP level 4. HP: 29/32 MP: 7/7
  1105 | D:2      | Learned a level 4 spell: Animate Dead
  1124 | D:2      | Found an opulent altar of Gozag.
  1205 | D:2      | Noticed Robin
  1237 | D:2      | Killed Robin
  1464 | D:2      | Found a runed translucent door.
  1465 | D:2      | Noticed Crazy Yiuf
  1474 | D:2      | Slain by Crazy Yiuf

Illustrated notes

Levels and vault maps discovered:
D:1:      psy_arrival_whirlpool, layout_rooms
D:2:      layout_loops_ring, basic_altar, minmay_mini_jars,
          uniq_crazy_yiuf_cottage, uniq_robin

Skill      XL: |  1  2 |
---------------+-------+-----
Fighting       | 1 |  1.9
Necromancy     | 5 |  5.7
Dodging        | |  1.7
Stealth        | |  1.7
Spellcasting   | |  2.9

Action                   |  1- 3 |  4- 6 || total
-------------------------+-------+-------++-------
Melee: Unarmed           |    15 |       ||    15
       Dagger            |    81 |    42 ||   123
       Punch             |     1 |       ||     1
       Kick              |    13 |    17 ||    30
 Cast: Necrotise         |    23 |     1 ||    24
       Vampiric Draining |       |     5 ||     5
 Stab: Sleeping          |     2 |     1 ||     3
Armor: Robe              |    23 |     7 ||    30
Dodge: Dodged            |    98 |    24 ||   122

Table legend: (Time is in decaauts)
 A = Elapsed time spent in this place.
 B = Non-inter-level travel time spent in this place.
 C = Inter-level travel time spent in this place.
 D = Time resting spent in this place.
 E = Time spent auto-exploring this place.
 F = Levels seen in this place.
 G = Mean time per level.
                   A        B        C        D        E       F      G
               +--------+--------+--------+--------+--------+-----+--------+
         Total |   1472 |   1470 |      2 |     31 |   1039 |   2 |  736.0 |
       Dungeon |   1472 |   1470 |      2 |     31 |   1039 |   2 |  736.0 |
               +--------+--------+--------+--------+--------+-----+--------+

Top non-repeatable levels by time:
     D:2: 737 daAuts
     D:1: 735 daAuts
